 Dungeon Crawl Stone Soup version 0.19.4-8-ga85b6b9 (webtiles) character file.

4613 Jynx the Carver (level 10, -5/91 HPs)
             Began as a Minotaur Fighter on Feb 7, 2017.
             Was a Priest of Okawaru.
             Slain by an orc warrior
             ... wielding a +0 dire flail
              (18 damage)
             ... on level 9 of the Dungeon.
             The game lasted 00:13:17 (8797 turns).

Jynx the Carver (Minotaur Fighter)                  Turns: 8797, Time: 00:13:17

Health: -5/91      AC: 15    Str: 21    XL:     10   Next: 19%
Magic:  7/9        EV: 12    Int:  5    God:    Okawaru [***...]
Gold:   492        SH: 13    Dex: 13    Spells: 0 memorised, 9 levels left

rFire  . . .     SeeInvis .     a - +2 long sword
rCold  . . .     Gourm    .     b - +0 scale mail
rNeg   . . .     Faith    .     c - +0 shield
rPois  .         Spirit   .     J - +2 hat
rElec  .         Reflect  .     E - +1 cloak {+Inv}
rCorr  .         Harm     +     h - +0 pair of gloves
MR     .....                    (no boots)
Stlth  +.........               w - amulet of harm
                                (no ring)
                                (no ring)

@: heroism
A: retaliatory headbutt, horns 2
a: Heroism, Renounce Religion, Evoke Invisibility


You were on level 9 of the Dungeon.
You worshipped Okawaru.
Okawaru was most pleased with you.
You were not hungry.

You visited 2 branches of the dungeon, and saw 10 of its levels.

You collected 492 gold pieces.

Inventory:

Hand Weapons
 a - a +2 long sword (weapon)
 s - the +8 hand crossbow of Judgement {elec, rC+ MP+9 Int+4, unknown}
   (You acquired it on level 5 of the Dungeon)

   It charges the ammunition it shoots with electricity; occasionally upon a
   hit, such missiles may discharge and cause terrible harm.
   It affects your intelligence (+4).
   It protects you from cold.
   It affects your magic capacity (+9).
Armour
 b - a +0 scale mail (worn)
 c - a +0 shield (worn)
 h - a +0 pair of gloves (worn)
 E - a +1 cloak of invisibility (worn)
 J - a +2 hat (worn)
Jewellery
 w - an amulet of harm (around neck)
 x - an uncursed ring of flight
 F - an uncursed ring of magical power
 G - an uncursed amulet of faith
 Q - an uncursed amulet of rage {unknown}
Wands
 y - a wand of flame (32/48)
 A - a wand of iceblast (6/15)
 D - a wand of acid (7/15)
 I - a wand of disintegration (9/24)
 M - a wand of acid (1/15)
Scrolls
 e - 2 scrolls of remove curse
 g - 3 scrolls of teleportation
 i - a scroll of magic mapping
 l - a scroll of fear
 m - 2 scrolls of amnesia
 n - 4 scrolls of fog
 L - 2 scrolls of enchant weapon
 P - a scroll of blinking
Potions
 d - a potion of might
 k - 2 potions of haste
 o - 2 potions of degeneration {unknown}
 p - a potion of mutation
 q - 4 potions of brilliance
 r - 3 potions of lignification
 v - 3 potions of agility
 B - 2 potions of resistance
 C - 2 potions of curing {unknown}
 H - 2 potions of heal wounds {unknown}
 O - a potion of invisibility {unknown}
Comestibles
 f - 4 bread rations
 j - 3 meat rations
 t - 4 beef jerkies
 u - 2 slices of pizza
 z - 3 fruits


   Skills:
 + Level 9.0(14.0) Fighting
 * Level 11.4(16.4) Long Blades
 + Level 8.5(13.5) Armour
 + Level 9.0(14.0) Shields


You had 9 spell levels left.
You didn't know any spells.

Dungeon Overview and Level Annotations

Branches:
Dungeon (9/15)             Temple (1/1) D:6             Orc (0/2) D:9
   Lair: D:8-11

Altars:
Ashenzari
Cheibriados
Dithmenos
Elyvilon
Fedhas
Kikubaaqudgha
Makhleb
Nemelex Xobeh
Okawaru
Ru
Trog
Xom
Yredelemnul
The Shining One

Shops:
D:4 *   D:5 (


Innate Abilities, Weirdness & Mutations

You reflexively headbutt those who attack you in melee.
You have a pair of horns on your head.


Message History

You hit the orc warrior but do no damage.
The orc warrior is heavily wounded.
The orc warrior hits you but does no damage.
You hit the orc warrior but do no damage.
The orc warrior is heavily wounded.
You hit the orc warrior but do no damage.
The orc warrior is heavily wounded.
The orc warrior misses you.
You slash the orc warrior! You headbutt the orc warrior.
The orc warrior is almost dead.
The orc warrior closely misses you. You furiously retaliate!
You headbutt the orc warrior, but do no damage.
You hit the orc warrior but do no damage.
You headbutt the orc warrior, but do no damage.
The orc warrior is almost dead.
You hit the orc warrior but do no damage.
Your headbutt misses the orc warrior.
The orc warrior is almost dead.
The orc warrior hits you with a dire flail!
You die...

#........#.....+
.........
#...)....'.#####
.........
#........###
.........
#........###
.........
.........(#
.........
##+######(#
######### #)#
#)# #@#
#..>..o)#
#.....#.#
#8...8#.# #####
#.# ..# .## #


You could see an orc warrior.

Vanquished Creatures
  A troll (D:9)
  Prince Ribbit (D:5)
  A two-headed ogre (D:8)
  Eustachio (D:6)
  Grum (D:8)
  Menkaure (D:4)
  A water moccasin (D:5)
  2 orc warriors
  An ice beast (D:8)
  3 centaurs
  2 ogres
  3 wolves (D:8)
  3 big kobolds (D:9)
  3 bullfrogs
  2 gnoll sergeants (D:9)
  A wyvern zombie (D:6)
  A scorpion (D:7)
  6 killer bees
  4 wights (D:7)
  A howler monkey (D:6)
  A crimson imp (D:8)
  A bullfrog zombie (D:4)
  3 jellies
  4 orc priests
  A centaur skeleton (D:5)
  A quasit (D:6)
  Crazy Yiuf (D:7)
  3 hounds
  15 orc wizards
  2 iguanas
  5 worker ants
  A killer bee zombie (D:9)
  3 hound skeletons
  16 adders
  11 gnolls
  2 oozes (D:1)
  4 adder skeletons
  4 worms
  3 dart slugs
  11 leopard geckos
  19 orcs
  4 bats
  7 giant cockroaches
  11 goblins
  5 hobgoblins
  4 jackals (D:2)
  7 kobolds
  5 quokkas
  4 frilled lizards
  A jackal zombie (D:8)
  3 leopard gecko skeletons
  A leopard gecko zombie (D:4)
  A quokka skeleton (D:6)
  12 rats
  A toadstool (D:1)
216 creatures vanquished.

Vanquished Creatures (others)
  3 toadstools (D:1)
3 creatures vanquished.

Grand Total: 219 creatures vanquished

Notes
Turn   | Place    | Note
-------+----------+-------------------------------------------
     0 | D:1      | Jynx the Minotaur Fighter began the quest for the Orb.
     0 | D:1      | Reached XP level 1. HP: 19/19 MP: 0/0
   350 | D:1      | Reached XP level 2. HP: 24/27 MP: 1/1
   454 | D:1      | Reached skill level 3 in Long Blades
   714 | D:1      | Reached XP level 3. HP: 33/33 MP: 2/2
  1210 | D:2      | Found a snail-covered altar of Cheibriados.
  1214 | D:2      | Reached XP level 4. HP: 34/40 MP: 3/3
  1733 | D:2      | Reached skill level 4 in Long Blades
  1889 | D:3      | Reached skill level 5 in Shields
  1889 | D:3      | Reached XP level 5. HP: 41/47 MP: 4/4
  2620 | D:4      | Found a sacrificial altar of Ru.
  2645 | D:4      | Found a shimmering altar of Xom.
  2897 | D:4      | Found a sparkling altar of Nemelex Xobeh.
  2908 | D:4      | Reached skill level 5 in Long Blades
  2908 | D:4      | Reached XP level 6. HP: 53/53 MP: 5/5
  3064 | D:4      | Noticed Menkaure
  3075 | D:4      | Killed Menkaure
  3075 | D:4      | Reached skill level 5 in Fighting
  3295 | D:4      | Found Laem's General Store.
  3356 | D:4      | Reached skill level 5 in Armour
  3597 | D:4      | Reached skill level 6 in Long Blades
  3597 | D:4      | Reached XP level 7. HP: 59/61 MP: 6/6
  3804 | D:5      | Entered Level 5 of the Dungeon
  4394 | D:5      | Found Wacked's Weapon Boutique.
  4536 | D:5      | Noticed Prince Ribbit
  4620 | D:5      | Killed Prince Ribbit
  4620 | D:5      | Reached skill level 7 in Long Blades
  5030 | D:5      | Reached XP level 8. HP: 36/70 MP: 7/7
  5420 | D:5      | Identified a scroll of acquirement
  5429 | D:5      | Got a shimmering hand crossbow
  5877 | D:6      | Found a staircase to the Ecumenical Temple.
  5884 | Temple   | Entered the Ecumenical Temple
  5911 | Temple   | Became a worshipper of Warmaster Okawaru
  6002 | D:6      | Reached skill level 8 in Long Blades
  6417 | D:6      | Noticed Eustachio
  6426 | D:6      | Killed Eustachio
  6440 | D:6      | Reached * piety under Okawaru
  6576 | D:6      | Reached skill level 9 in Long Blades
  6936 | D:7      | Reached XP level 9. HP: 66/79 MP: 8/8
  7897 | D:7      | Found a runed door.
  7901 | D:7      | Noticed Crazy Yiuf
  7904 | D:7      | Killed Crazy Yiuf
  7964 | D:8      | Reached skill level 10 in Long Blades
  7965 | D:8      | Noticed Grum
  7981 | D:8      | Killed Grum
  7984 | D:8      | Reached ** piety under Okawaru
  8163 | D:8      | Found a shattered altar of Ashenzari.
  8270 | D:8      | Found an ancient bone altar of Kikubaaqudgha.
  8471 | D:9      | Reached skill level 11 in Long Blades
  8618 | D:9      | Reached XP level 10. HP: 90/90 MP: 9/9
  8705 | D:9      | Found a staircase to the Orcish Mines.
  8762 | D:9      | Reached *** piety under Okawaru
  8797 | D:9      | Slain by an orc warrior

Skill      XL: |  1  2  3  4  5  6  7  8  9 10 |
---------------+-------------------------------+-----
Shields        | 4 5 6 7 8 9 |  9.0
Long Blades    | 3 4 5 6 7 9 11 | 11.4
Fighting       | 4 5 6 7 8 9 |  9.0
Armour         | 4 5 6 8 |  8.5

Action                   |  1- 3 |  4- 6 |  7- 9 | 10-12 || total
-------------------------+-------+-------+-------+-------++-------
Melee: Long sword        |   107 |   175 |   305 |    90 ||   677
       Headbutt          |    18 |    39 |    73 |    24 ||   154
Invok: Heroism           |       |       |     3 |     3 ||     6
  Use: Scroll            |       |    13 |     8 |     2 ||    23
  Eat: Chunk             |     1 |     8 |    14 |     1 ||    24
       Fruit             |       |       |     2 |       ||     2
Armor: Scale mail        |    49 |    80 |    89 |    21 ||   239
Dodge: Dodged            |    27 |    35 |    77 |    25 ||   164
Block: Shield            |    42 |    89 |   174 |    35 ||   340
       Rpst.: Long sword |    10 |    11 |    18 |     2 ||    41
